 Dungeon Crawl Stone Soup version 0.21-a0-525-ga34b322 (webtiles) character file.

79 Laiders the Conjurer (level 3, -3/26 HPs)
             Began as a Demigod Conjurer on Dec 7, 2017.
             Killed from afar by Sigmund (6 damage)
             ... with a puff of flame
             ... on level 2 of the Dungeon.
             The game lasted 00:07:23 (1835 turns).

Laiders the Conjurer (Demigod Conjurer)             Turns: 1835, Time: 00:07:23

Health: -3/26      AC:  8    Str: 11    XL:     3   Next: 97%
Magic:  2/9        EV: 12    Int: 21    God:
Gold:   20         SH:  4    Dex: 16    Spells: 1/7 levels left

rFire    . . .     SeeInvis .   j - +0 short sword
rCold    . . .     Gourm    .   n - +0 buckler {AC+3}
rNeg     . . .     Faith    .   a - +0 robe
rPois    .         Spirit   .   (no helmet)
rElec    .         Reflect  .   (no cloak)
rCorr    .         Harm     .   g - +2 pair of gloves
MR       .....                  (no boots)
Stlth    ++........             (no amulet)
HPRegen  0.08/turn              (no ring)
MPRegen  0.11/turn              (no ring)

@: no status effects
A: high mp 1
a: no special abilities


You were on level 2 of the Dungeon.
You were hungry.

You visited 1 branch of the dungeon, and saw 2 of its levels.

You collected 20 gold pieces.

Inventory:

Hand Weapons
 j - a +0 short sword (weapon)
Armour
 a - a +0 robe (worn)
 g - a +2 pair of gloves (worn)
 n - a +0 buckler of protection (worn)
Scrolls
 e - 2 scrolls of remove curse {unknown}
 h - a scroll of amnesia {unknown}
 i - a scroll of enchant weapon {unknown}
 l - a scroll of identify {unknown}
 o - a scroll of teleportation {unknown}
 q - a scroll of magic mapping {unknown}
Potions
 d - a potion of degeneration {unknown}
 p - a potion of might {unknown}
Books
 b - a book of Conjurations

   Spells                             Type                      Level
   a - Magic Dart                     Conjuration                  1
   b - Searing Ray                    Conjuration                  2
   c - Dazzling Spray                 Conjuration/Hexes            3
   d - Fulminant Prism                Conjuration/Hexes            4
   e - Force Lance                    Conjuration/Translocation    4
   f - Iskenderun's Mystic Blast      Conjuration                  4
Comestibles
 c - 2 bread rations
 f - 7 fruits
 k - a royal jelly
 m - 4 chunks of flesh


   Skills:
 - Level 1.7 Dodging
 - Level 1.7 Stealth
 + Level 1.0 Shields
 + Level 2.7 Spellcasting
 + Level 4.3 Conjurations
 + Level 0.6 Hexes


You had one spell level left.
You knew the following spells:

 Your Spells              Type           Power        Failure   Level  Hunger
a - Magic Dart            Conj           ###.         3%          1    None
b - Searing Ray           Conj           ###...       4%          2    ##.....
c - Dazzling Spray        Conj/Hex       ##....       22%         3    ###....


Dungeon Overview and Level Annotations

Branches:
Dungeon (2/15)

Annotations:
D:2 Sigmund, Terence


Innate Abilities, Weirdness & Mutations

You have an increased reservoir of magic. (+10% MP)


Message History

The magic dart hits Sigmund.
Sigmund is moderately wounded.
Sigmund barely misses you.
Sigmund casts a spell.
Sigmund flickers and vanishes!
Deactivating autopickup; reactivate with Ctrl-A.
A rat comes into view.
Found a spear.
A goblin and Terence come into view.
Found a scroll labeled EMUCIP TAERHIRCH.
The goblin shouts!
Found 3 scrolls labeled OPTAMP GUSEUB.
Found 9 gold pieces.
A magic dart appears from out of thin air!
The magic dart hits you!
* * * LOW HITPOINT WARNING * * *
Found a scroll labeled NESOALOFRI.
A puff of flame appears from out of thin air!
The puff of flame hits you!
You die...

## #.#.# . .# ##.#..##.?
.# #.#..... .# #...)# .#
#####.#r# # .# #.......#
.#
.####.###.r{#######.$###
...........g............
.####.##...#####@.#?.##
.# ##.##.............#
## #...##..#####......?.
#...†.#..# .........
............ .....####
###.....###.. ......#
##...## . .....## ##.##
#.....# #.#


You could see a goblin and a rat.

Vanquished Creatures
  Jessica (D:2)
  An adder (D:2)
  An ooze (D:1)
  A dart slug (D:1)
  2 giant cockroaches (D:1)
  2 goblins (D:1)
  7 hobgoblins
  3 ball pythons (D:1)
  5 bats
  3 frilled lizards (D:1)
  4 kobolds (D:1)
  10 rats
40 creatures vanquished.

Notes
Turn   | Place    | Note
-------+----------+-------------------------------------------
     0 | D:1      | Laiders the Demigod Conjurer began the quest for the Orb.
     0 | D:1      | Reached XP level 1. HP: 14/14 MP: 5/5
   217 | D:1      | Reached XP level 2. HP: 20/20 MP: 0/7
   568 | D:1      | Learned a level 2 spell: Searing Ray
   645 | D:1      | Reached skill level 4 in Conjurations
  1331 | D:1      | Reached XP level 3. HP: 26/26 MP: 3/9
  1458 | D:1      | Learned a level 3 spell: Dazzling Spray
  1598 | D:2      | Noticed Jessica
  1607 | D:2      | Killed Jessica
  1607 | D:2      | Reached skill level 1 in Shields
  1807 | D:2      | Noticed Sigmund
  1827 | D:2      | Noticed Terence
  1835 | D:2      | Killed from afar by Sigmund

Vault maps used:
D:1:      lightli_arrival_lavapool
D:2:      uniq_sigmund, uniq_jessica, uniq_terence

Skill      XL: |  1  2  3 |
---------------+----------+-----
Spellcasting   | 2 |  2.7
Conjurations   | 4 |  4.3
Shields        | 1 |  1.0
Dodging        | |  1.7
Stealth        | |  1.7
Hexes          | |  0.6

Action                   || total
-------------------------++-------
Melee: Unarmed           ||     4
       Short sword       ||    80
 Cast: Magic Dart        ||    40
       Dazzling Spray    ||     2
       Searing Ray       ||     1
 Stab: Sleeping          ||     3
  Eat: Chunk             ||     3
Armor: Robe              ||    25
Dodge: Dodged            ||    50
Block: Buckler           ||    11

Table legend:
 A = Spawn XP
 B = Non-spawn XP
 C = Spawn XP percentage of total XP
 D = Spawn monster count
 E = Non-spawn monster count
 F = Spawn count percentage of total count
 G = Total turns spent on level
                    A         B        C        D         E        F      G
               +---------+---------+-------+---------+---------+-------+---------
         Total |       0 |     114 |   0.0 |       0 |      40 |   0.0 |  1835
               +---------+---------+-------+---------+---------+-------+---------
           D:1 |       0 |      56 |   0.0 |       0 |      32 |   0.0 |  1538
           D:2 |       0 |      58 |   0.0 |       0 |       8 |   0.0 |   297
               +---------+---------+-------+---------+---------+-------+---------
